 Dungeon Crawl Stone Soup version 0.30.0-29-ga12c61a403 (webtiles) character file.

Game seed: 4094982889846846242

44 Bnni the Digger (level 3, -3/25 HPs)
             Began as a Formicid Earth Elementalist on June 15, 2023.
             Slain by a gnoll
             ... wielding a +0 flail
              (11 damage)
             ... on level 2 of the Dungeon.
             The game lasted 00:02:19 (1188 turns).

Bnni the Digger (Formicid Earth Elementalist)       Turns: 1188, Time: 00:02:20

Health: -3/25      AC:  5    Str: 12    XL:     3   Next: 85%
Magic:  5/6        EV: 11    Int: 16    God:
Gold:   91         SH:  0    Dex: 14    Spells: 0/6 levels left

rFire   . . .        h - +0 short sword
rCold   . . .        (no shield)
rNeg    . . .        e - +0 leather armour
rPois   .            (helmet unavailable)
rElec   .            c - +1 cloak
rCorr   .            (no gloves)
SInv    +            (no boots)
Will    .....        j - amulet of regeneration
Stlth   ++           a - +4 ring of slaying
HPRegen 1.04/turn    (no ring)
MPRegen 0.10/turn

%: no passive effects
@: very slightly contaminated
A: permanent stasis, dig shafts and tunnels, antennae 3, four strong arms
a: Dig, Shaft Self


You were on level 2 of the Dungeon.
You visited 1 branch of the dungeon, and saw 2 of its levels.

You collected 91 gold pieces.

Inventory:

Hand Weapons
 h - a +0 short sword (weapon)
Armour
 c - a +1 cloak (worn)
 e - a +0 leather armour (worn)
Jewellery
 a - a +4 ring of slaying (left hand)
 j - an amulet of regeneration (around neck)
Scrolls
 d - a scroll of teleportation {unknown}
 f - 2 scrolls of magic mapping {unknown}
 k - a scroll of fog {unknown}
 l - a scroll of amnesia {unknown}
 m - a scroll of enchant armour {unknown}
Potions
 b - a potion of magic
 g - a potion of attraction {unknown}
 i - a potion of lignification {unknown}
 n - a potion of degeneration {unknown}


   Skills:
 + Level 0.8 Fighting
 - Level 1.7 Dodging
 - Level 2.4 Stealth
 + Level 2.3 Spellcasting
 * Level 1.2 Conjurations
 * Level 2.1 Transmutations
 * Level 4.1 Earth Magic


You couldn't memorise any spells.
You knew the following spells:

 Your Spells              Type           Power      Damage    Failure   Level
a - Sandblast             Erth           30%        2d9       4%          1
b - Passwall              Tmut/Erth      9%         N/A       11%         2
c - Stone Arrow           Conj/Erth      20%        3d8       26%         3

Your spell library contained the following spells:

 Spells                   Type           Power      Damage    Failure   Level
 Petrify                  Tmut/Erth      11%        N/A       56%         4


Dungeon Overview and Level Annotations

Branches:
Dungeon (2/15)

Altars:


Innate Abilities, Weirdness & Mutations

You cannot be hasted, slowed, berserked, paralysed or teleported.
You can dig through walls and to a lower floor.
You have a pair of large antennae on your head. (SInv)
Your four strong arms can wield two-handed weapons with a shield.


Message History

You barely miss the gnoll.
The gnoll is heavily wounded.
An adder comes into view.
The gnoll hits you with a +0 club.
The adder moves out of view.
You hit the gnoll.
You kill the gnoll!
A gnoll comes into view. It is wielding a +0 spear.
You hit the endoplasm.
You kill the endoplasm!
The gnoll barely misses you.
You hit the gnoll.
The gnoll is lightly wounded.
The gnoll hits you with a +0 flail. The gnoll closely misses you.
You hit the gnoll but do no damage.
The gnoll is lightly wounded.
The gnoll barely misses you. The gnoll misses you.
You puncture the gnoll!
The gnoll is severely wounded.
The gnoll hits you but does no damage. The gnoll closely misses you.
You hit the gnoll but do no damage.
The gnoll is severely wounded.
The gnoll hits you with a +0 flail!
The gnoll hits you from afar with a +0 spear.
The gnoll completely misses you.
You are too injured to fight recklessly!
You are too injured to fight recklessly!
You are too injured to fight recklessly!
You are too injured to fight recklessly!
You are too injured to fight recklessly!
Unknown command.
Aiming: Sandblast (safe; 4% risk of failure)
Press: ? - help, Q - select action, (/) - cycle Shift-Dir - straight line, f - gnoll
Aim: a gnoll, wielding a +0 flail (severely wounded, 84% to hit)
You miscast Sandblast.
You are very lightly contaminated with residual magic.
Nothing appears to happen.
The gnoll hits you with a +0 flail. The gnoll hits you but does no damage.
The gnoll closely misses you. The gnoll attacks as you move away!
The gnoll hits you with a +0 flail!
You die...

#........#
#........# .....#
###........# .....
#..........# ....
#..#........# ...
#........###..
#........##gg
###...#####g#
#.†.#####@#
##......#.# ###
##.....>.# #.#
#####....##
#.###......#.##
###.....###....<#
#...##### #.....#{
♣.#.#######.....#
♣##........#......#


You could see 3 gnolls.

Vanquished Creatures
  A gnoll (D:2)
  A dart slug (D:1)
  A ball python (D:1)
  3 endoplasms
  4 giant cockroaches (D:1)
  2 goblins (D:1)
  3 hobgoblins (D:1)
  4 jackals (D:1)
  A quokka (D:2)
  2 bats (D:1)
  2 frilled lizards
  2 kobolds (D:1)
  2 rats (D:1)
28 creatures vanquished.

Notes
Turn   | Place    | Note
-------+----------+-------------------------------------------
     0 | D:1      | Bnni the Formicid Earth Elementalist began the quest for
                  | the Orb.
     0 | D:1      | Reached XP level 1. HP: 13/13 MP: 3/3
   106 | D:1      | Reached XP level 2. HP: 19/19 MP: 3/5
   403 | D:1      | Reached skill level 4 in Earth Magic
   421 | D:1      | Reached XP level 3. HP: 25/25 MP: 3/6
   431 | D:1      | Learned a level 2 spell: Passwall
   555 | D:1      | Learned a level 3 spell: Stone Arrow
   649 | D:1      | Reached skill level 1 in Conjurations
  1188 | D:2      | Slain by a gnoll

Illustrated notes

Levels and vault maps discovered:
D:1:      evilmike_arrival_hilbert_curve, layout_loops_ring, serial_bayou_pond_b
D:2:      layout_rooms, serial_shops, shop, serial_bayou_crossing

Skill      XL: |  1  2  3 |
---------------+----------+-----
Earth Magic    | 4 |  4.1
Conjurations   | 1 |  1.2
Transmutations | 2 |  2.1
Fighting       | |  0.8
Dodging        | |  1.7
Stealth        | |  2.4
Spellcasting   | |  2.3

Action                     || total
---------------------------++-------
  Melee: Unarmed           ||    10
         Club              ||    27
         Short sword       ||    28
   Cast: Sandblast         ||    33
 Armour: Robe              ||    22
         Leather armour    ||     2
  Dodge: Dodged            ||    78
